 Dungeon Crawl Stone Soup version 0.24.0-123-gd5b16e6ec5 (webtiles) character file.

Game seed: 14986898763240581786, levelgen mode: deterministic

13687 Tsab79 the Basher (level 11, 0/97 HPs)
             Began as a Minotaur Fighter on Dec 23, 2019.
             Slain by an alligator (8 damage)
             ... on level 1 of the Swamp.
             The game lasted 00:49:51 (11211 turns).

Tsab79 the Basher (Minotaur Fighter)               Turns: 11211, Time: 00:49:51

Health: 0/97       AC: 10    Str: 25    XL:     11   Next: 78%
Magic:  0/13       EV:  8    Int:  5    God:
Gold:   779        SH: 13    Dex:  9    Spells: 14/14 levels left

rFire    . . .     SeeInvis +   g - +3 flail (holy)
rCold    . . .     Gourm    .   c - +1 shield
rNeg     . . .     Faith    .   u - +0 plate armour
rPois    .         Spirit   +   q - +0 hat
rElec    .         Reflect  .   o - scarf {Spirit}
rCorr    .         Harm     .   (no gloves)
MR       .....     Clarity  +   (no boots)
Stlth    ..........             (no amulet)
HPRegen  0.66/turn              j - ring of stealth
MPRegen  0.13/turn              b - +2 ring of slaying

@: no status effects
A: retaliatory headbutt, horns 2, see invisible, clarity, deformed body,
regeneration 1
a: no special abilities


You were on level 1 of the Swamp.
You were not hungry.

You visited 3 branches of the dungeon, and saw 12 of its levels.
You also visited: Sewer.

You collected 779 gold pieces.

Inventory:

Hand Weapons
 a - a cursed -2 war axe
 d - a +1 dagger of venom
 e - a +1 rapier of venom
 g - a +3 flail of holy wrath (weapon)
 p - a +0 whip of freezing
 B - a +0 dagger of draining
 C - a +4 flail
 E - a +1 hand axe of chopping
 K - a +1 antimagic whip
 M - a +0 dire flail
 N - a cursed +0 great sword
 O - a +2 long sword of electrocution
 S - a +0 rapier
 T - a cursed +0 shortbow
Armour
 c - a +1 shield (worn)
 o - a scarf of spirit shield (worn)
 q - a +0 hat (worn)
 r - a +1 robe of fire resistance
 u - a +0 plate armour (worn)
 H - a +0 troll leather armour
 Q - a +2 helmet
Jewellery
 b - a +2 ring of slaying (right hand)
 j - a ring of stealth (left hand)
 n - an uncursed ring of see invisible
 t - an uncursed ring of protection from cold
 y - an uncursed ring of wizardry
Wands
 i - a wand of disintegration (25)
 m - a wand of enslavement (7)
 w - a wand of iceblast (20)
 J - a wand of digging (6)
 R - a wand of acid (9)
Scrolls
 k - 2 scrolls of identify
 l - 3 scrolls of immolation
 s - 6 scrolls of remove curse
 v - 3 scrolls of amnesia
 G - a scroll of fog
 I - a scroll of teleportation
 U - a scroll of enchant armour
Potions
 h - a potion of ambrosia
 z - 2 potions of magic
 D - 3 potions of flight
 F - a potion of curing
Miscellaneous
 P - a lamp of fire
Comestibles
 f - 24 rations
 x - 4 chunks of flesh


   Skills:
 + Level 9.1 Fighting
 + Level 5.4(9.3) Axes
 + Level 11.6(12.0) Maces & Flails
 + Level 3.5 Throwing
 + Level 11.0 Armour
 + Level 4.6 Dodging
 + Level 3.1 Stealth
 + Level 11.0 Shields
 + Level 3.8 Unarmed Combat
 + Level 2.3 Spellcasting
 + Level 0.1 Evocations


You had 14 spell levels left.
You didn't know any spells.
Your spell library contained the following spells:

 Spells                   Type           Power        Failure   Level  Hunger
 Animate Skeleton         Necr           N/A          100%        1    ##.....
 Apportation              Tloc           #.....       100%        1    ##.....
 Beastly Appendage        Tmut           #.....       100%        1    ##.....
 Confusing Touch          Hex            #.....       100%        1    ##.....
 Summon Small Mammal      Summ           #...         100%        1    ##.....
 Call Imp                 Summ           #.......     100%        2    ###....
 Sticks to Snakes         Tmut           #.......     100%        2    ###....
 Call Canine Familiar     Summ           #.......     100%        3    ####...
 Spider Form              Tmut/Pois      #.........   100%        3    ####...
 Summon Guardian Golem    Hex/Summ       #.......     100%        3    ####...
 Ice Form                 Ice/Tmut       #.......     100%        4    #####..
 Summon Ice Beast         Ice/Summ       #.......     100%        4    #####..
 Summon Lightning Spire   Summ/Air       #.......     100%        4    #####..
 Blade Hands              Tmut           #.........   100%        5    ######.


Dungeon Overview and Level Annotations

Branches:
Dungeon (8/15)             Temple (0/1) D:4            Lair (3/6) D:8
  Swamp (1/4) Lair:3        Sewer (visited)
  Snake: Lair:2-4    Spider: Lair:2-4

Altars:
Fedhas
Hepliaklqana
Nemelex Xobeh
Uskayaw
Xom
Zin

Shops:
D:3 *


Innate Abilities, Weirdness & Mutations

You reflexively headbutt those who attack you in melee.
You have a pair of horns on your head.
You have supernaturally acute eyesight. (SInv)
You possess an exceptional clarity of mind.
Armour fits poorly on your strangely shaped body.
Your natural rate of healing is unusually fast.


Message History

The alligator bites you but does no damage.
You block the alligator's attack.
As you read the scroll of fog, it crumbles to dust.
The scroll dissolves into smoke.
You feel sick. You block the alligator's attack.
The alligator barely misses you.
You feel sick.
You feel sick. You block the alligator's attack. The alligator tail-slaps you.
* * * LOW HITPOINT WARNING * * *
You enter the shallow water.
Moving in this stuff is going to be slow.
You feel sick. The alligator bites you!
* * * LOW HITPOINT WARNING * * *
You block the alligator's attack.
* * * LOW HITPOINT WARNING * * *
You feel sick.
You feel better. You block the alligator's attack.
The alligator tail-slaps you.
* * * LOW HITPOINT WARNING * * *
The alligator bites you!
You die...

♣≈≈≈♣♣..≈≈≈≈≈.≈≈≈≈
♣≈..≈♣≈..§≈≈≈≈≈≈≈≈
♣♣♣<≈.♣≈.≈≈.≈≈≈.≈≈≈
♣≈..≈§♣§§≈≈.§≈≈.≈≈≈
♣♣.≈...§§§....≈≈..≈≈
♣.≈≈..§.§§≈.w..≈..≈≈
♣.≈≈.♣w§§§≈≈≈..≈/≈≈≈
♣≈...≈♣♣♣♣..♣♣≈≈..≈≈
♣♣.@t♣♣ §.≈♣ ≈♣♣...
♣≈♣♣♣ .≈§. ♣..≈♣
♣..≈..
♣§..♣♣♣♣♣♣≈≈.≈≈.
♣♣.....§≈≈≈.....
♣♣....≈≈≈≈....♣
♣...≈≈≈≈≈≈..D.
♣≈..≈≈≈≈≈≈..≈≈
♣♣≈≈...≈≈≈≈≈≈≈


You could see an alligator and a swamp worm.

Vanquished Creatures
  A hydra (Lair:3)
  A two-headed ogre (D:8)
  Pikel (D:6)
  4 spiny frogs (Lair:1)
  A polar bear (Lair:3)
  A troll (D:7)
  A tyrant leech (Swamp:1)
  8 blink frogs (Lair:2)
  3 hippogriffs
  11 yaks
  2 wyverns
  3 basilisks (Lair:1)
  Eustachio (D:4)
  2 vampire mosquitoes (Swamp:1)
  2 water moccasins (Lair:2)
  8 porcupines
  2 orc warriors
  2 slaves (D:6)
  A black bear (Lair:3)
  A phantom (D:2)
  4 wolves (Lair:1)
  4 centaurs
  3 ogres
  A necrophage (D:6)
  5 crocodiles
  7 big kobolds
  8 bullfrogs
  A water moccasin zombie (D:7)
  6 scorpions
  A wyvern skeleton (D:5)
  2 crimson imps
  2 hounds
  A jelly (D:5)
  5 orc priests
  Jessica (D:2)
  2 centaur skeletons
  Terence (D:2)
  3 iguanas
  10 orc wizards
  4 worker ants
  A hound zombie (D:6)
  A hound skeleton (D:6)
  14 gnolls
  A river rat (Sewer)
  9 adders
  4 shadow imps
  3 oozes
  An adder zombie (D:6)
  2 adder skeletons
  6 worms
  A dart slug (D:2)
  2 leopard geckos
  32 orcs
  3 bats (D:2)
  6 giant cockroaches
  9 goblins
  4 hobgoblins
  7 jackals
  20 kobolds
  3 quokkas
  4 ball pythons (Sewer)
  2 frilled lizards
  A jackal skeleton (D:4)
  A jackal zombie (D:6)
  A leopard gecko skeleton (D:5)
  A quokka skeleton (D:6)
  A quokka zombie (D:5)
  4 rats
  4 fungi
275 creatures vanquished.

Vanquished Creatures (others)
  8 fungi (D:8)
  A plant (D:8)
9 creatures vanquished.

Grand Total: 284 creatures vanquished

Notes
Turn   | Place    | Note
-------+----------+-------------------------------------------
     0 | D:1      | Tsab79 the Minotaur Fighter began the quest for the Orb.
     0 | D:1      | Reached XP level 1. HP: 19/19 MP: 0/0
   404 | D:1      | Reached XP level 2. HP: 27/27 MP: 1/1
   613 | D:2      | Noticed a phantom
   652 | D:2      | Killed a phantom
   652 | D:2      | Reached XP level 3. HP: 21/34 MP: 2/2
   652 | D:2      | Reached XP level 4. HP: 25/41 MP: 3/3
   792 | D:2      | Reached skill level 5 in Axes
   792 | D:2      | Reached XP level 5. HP: 51/51 MP: 3/7
   793 | D:2      | Gained mutation: You possess an exceptional clarity of
                  | mind. [potion of mutation]
   793 | D:2      | Gained mutation: You have supernaturally acute eyesight.
                  | (SInv) [potion of mutation]
   793 | D:2      | Gained mutation: Armour fits poorly on your strangely
                  | shaped body. [potion of mutation]
   793 | D:2      | Gained mutation: Your natural rate of healing is unusually
                  | fast. [potion of mutation]
  1094 | D:2      | Noticed Jessica
  1105 | D:2      | Killed Jessica
  1496 | D:2      | Found a hide-covered altar of Uskayaw.
  1545 | D:2      | Found a hazy altar of Hepliaklqana.
  1640 | D:2      | Noticed Terence
  1641 | D:2      | Found a shimmering altar of Xom.
  1651 | D:2      | Killed Terence
  1651 | D:2      | Reached XP level 6. HP: 41/58 MP: 8/8
  1813 | D:3      | Found a sparkling altar of Nemelex Xobeh.
  2103 | D:3      | Reached skill level 1 in Maces & Flails
  2399 | D:3      | Found Zin's Purification Station.
  2540 | D:3      | Found a glowing silver altar of Zin.
  3002 | D:4      | Noticed Eustachio
  3011 | D:4      | Found a blossoming altar of Fedhas.
  3130 | D:4      | Killed Eustachio
  3130 | D:4      | Reached XP level 7. HP: 53/64 MP: 9/9
  3215 | D:4      | Found a staircase to the Ecumenical Temple.
  3677 | D:4      | Paralysed by an orc for 3 turns
  3815 | D:5      | Entered Level 5 of the Dungeon
  3845 | D:5      | Found a glowing drain.
  3964 | Sewer    | Entered a sewer
  4166 | Sewer    | Reached XP level 8. HP: 70/71 MP: 10/10
  4411 | D:5      | Reached skill level 5 in Maces & Flails
  5360 | D:6      | Reached XP level 9. HP: 55/79 MP: 11/11
  5810 | D:6      | Noticed Pikel
  5832 | D:6      | Killed Pikel
  6477 | D:7      | Noticed a troll
  6490 | D:7      | Killed a troll
  6928 | D:8      | Reached XP level 10. HP: 66/88 MP: 9/12
  6972 | D:8      | Found a staircase to the Lair.
  6996 | D:8      | Noticed a two-headed ogre
  7012 | D:8      | Killed a two-headed ogre
  7049 | Lair:1   | Entered Level 1 of the Lair of Beasts
  7310 | Lair:1   | Noticed a spiny frog
  7317 | Lair:1   | Killed a spiny frog
  7398 | Lair:1   | Noticed a spiny frog
  7426 | Lair:1   | Killed a spiny frog
  7426 | Lair:1   | Reached skill level 10 in Maces & Flails
  7551 | Lair:1   | Noticed a spiny frog
  7562 | Lair:1   | Killed a spiny frog
  7562 | Lair:1   | Reached skill level 10 in Shields
  8122 | Lair:1   | Noticed a spiny frog
  8135 | Lair:1   | Killed a spiny frog
  8135 | Lair:1   | Reached XP level 11. HP: 57/95 MP: 5/13
  8945 | Lair:2   | Reached skill level 10 in Armour
  9421 | Lair:3   | Noticed a four-headed hydra
  9560 | Lair:3   | Found a staircase to the Swamp.
  9750 | Lair:3   | Killed a four-headed hydra
 11053 | Swamp:1  | Entered Level 1 of the Swamp
 11055 | Swamp:1  | Noticed an alligator
 11069 | Swamp:1  | HP: 2/97 [tyrant leech (6)]
 11070 | Swamp:1  | Noticed a seven-headed hydra
 11174 | Swamp:1  | Noticed a swamp dragon
 11208 | Swamp:1  | HP: 3/97 [alligator (10)]
 11211 | Swamp:1  | Slain by an alligator

Levels and vault maps discovered:
D:1:      grunt_arrival_crossed_arrows, layout_loops_cross
D:2:      layout_basic, lemuel_coloured_pillars_altar,
          nicolae_overflow_hidden_temple, uniq_jessica, uniq_terence
D:3:      layout_basic, zin_purify, nemelex_xobeh_ov_fountains_minmay
D:4:      layout_cave_pools, fedhas_altar_1, minmay_temple_entry_arrows,
          uniq_eustachio
D:5:      layout_basic, gup_sewer_entry_glass, first_ration
D:6:      layout_layer_cave, uniq_pikel
D:7:      layout_gridville
D:8:      lemuel_castle_with_subvaults [lemuel_castle_interior_original],
          layout_loops_corners, grunt_lair_entry_orc_guard_hut, grunt_livestock,
          uniq_psyche
Lair:1:   layout_chaotic_city, lemuel_fruit_tree, grunt_megastairs_1
Lair:2:   layout_chaotic_city
Lair:3:   layout_cave_pods, swamp_mist, minmay_holes
Swamp:1:  layout_basic_swamp, basic_altar, swamp_pool1,
          hangedman_swamp_wriggling

Skill      XL: |  1  2  3  4  5  6  7  8  9 10 11 |
---------------+----------------------------------+-----
Fighting       | 4 6 7 8 9 |  9.1
Axes           | 3 5 |  5.4
Armour         | 4 6 7 8 9 11 | 11.0
Shields        | 4 6 7 8 10 11 | 11.0
Throwing       | 3 |  3.5
Dodging        | 3 4 |  4.6
Stealth        | 3 |  3.1
Unarmed Combat | 3 |  3.8
Spellcasting   | 2 |  2.3
Maces & Flails | 2 4 6 8 10 11 | 11.6
Evocations     | |  0.1

Action                   |  1- 3 |  4- 6 |  7- 9 | 10-12 || total
-------------------------+-------+-------+-------+-------++-------
Melee: War axe           |    31 |    53 |       |       ||    84
       Headbutt          |     5 |    17 |    66 |    78 ||   166
       Flail             |       |    96 |   436 |   332 ||   864
Evoke: Wand              |       |       |       |     2 ||     2
  Use: Potion            |     1 |     5 |     8 |    10 ||    24
       Scroll            |       |     1 |     8 |    15 ||    24
  Eat: Chunk             |       |     1 |    12 |    11 ||    24
       Ration            |       |     2 |       |     1 ||     3
Armor: Scale mail        |    13 |       |       |       ||    13
       Chain mail        |       |    40 |    58 |       ||    98
       Skin              |       |    27 |       |       ||    27
       Plate armour      |       |       |    85 |    78 ||   163
Dodge: Dodged            |     8 |    42 |   117 |    76 ||   243
Block: Shield            |    14 |   114 |   286 |   202 ||   616
